 Dungeon Crawl Stone Soup version 0.31.0-11-ge490571c62 (console) character file.

Game seed: 4941423775455103459

2132188 Banquo the Plane Walker (level 27, 228/228 HPs)
             Began as a Djinni Air Elementalist on Feb 1, 2024.
             Was the Champion of Ashenzari.
             Escaped with the Orb
             ... and 4 runes on Feb 6, 2024!
             The game lasted 07:09:48 (84035 turns).

Banquo the Plane Walker (Djinni Air Elementalist)  Turns: 84035, Time: 07:09:49

Health: 228/228    AC: 14    Str: 12    XL:     27
Gold:   3958       EV: 26    Int: 33    God:    Ashenzari [******] SH: 38 Dex: 19

rFire   + + +        a - staff of Desmomancy (curse) {rElec rC+ Str+2 Fire Air, Sorc, Dev} (curse)
rCold   + + +        i - +8 tower shield of the Wild Blue Yonder {reflect, Fort, Sorc} (curse)
rNeg    . . .        d - +5 moon troll leather armour {Spirit, Regen++ MP+5, Dev, Elem} (curse)
rPois   ∞            h - +0 helmet of Curses and Power {*Corrode rF++ Regen+ SInv, Fort, Elem} (curse)
rElec   +            e - scarf "Share My Fetters" {+Inv, +Blink rC+ Regen+, Elem, Fort} (curse)
rCorr   .            g - +0 pair of gloves of Ashenzari's Failure {rC+ Will+ Int+3, Cun, Self} (curse)
SInv    +            (boots unavailable)
Will    +++..        q - amulet "Ensconced Together" {Regen+, Fort, Cun} (curse)
Stlth   +            C - ring "Oscillating Fan" {rElec rC+ Str+3 Dex+4, Elem, Dev} (curse)
HPRegen 4.58/turn    B - ring "Affliction of Ashenzari" {Wiz, Fort, Sorc} (curse)
MPRegen 0.00/turn

%: corrode self (3%), reflection, clarity, guardian spirit, wizardry (x1)
@: flying, studying 2 skills
A: sickness immunity, fire resistance 2, cold vulnerability 1, float, innate
caster, HP casting, extra vitality 1, large bone plates 1, wild magic 1
0: Orb of Zot
}: 4/15 runes: decaying, serpentine, slimy, silver
a: Renounce Religion, Evoke Blink, Evoke Invisibility, Shatter the Chains


You escaped.
You worshipped Ashenzari.
Ashenzari was exalted by your worship.
You visited 12 branches of the dungeon, and saw 56 of its levels.
You also visited: Ossuary, Ice Cave and Wizlab.

You collected 9465 gold pieces.
You spent 5507 gold pieces at shops.

Inventory:

Hand Weapons
 b - the +10 morningstar of Blood {spect, rElec rPois rCorr Int-2}
   (You bought it in a shop on level 2 of the Orcish Mines)

   Int-2:     It affects your intelligence (-2).
   rElec:     It insulates you from electricity.
   rPois:     It protects you from poison rCorr: It protects you from acid and
   corrosion.
Missiles
 l - 2 throwing nets
Armour
 d - the cursed +5 moon troll leather armour (worn) {Spirit, Regen++ MP+5, Dev, Elem}
   (You took it off a moon troll in a wizard's laboratory)

   MP+5:      It affects your magic capacity (+5).
   Regen++:   It increases your rate of health regeneration.
   It has a curse which improves the following skills: Devices: Evocations and
   Shapeshifting.
   Elements:  Fire Magic, Ice Magic, Air Magic and Earth Magic.
 e - the cursed scarf "Share My Fetters" (worn) {+Inv, +Blink rC+ Regen+, Elem, Fort}
   (You acquired it on level 9 of the Dungeon)

   rC+:       It protects you from cold.
   +Blink:    It lets you blink.
   Regen+:    It increases your rate of health regeneration.
   It has a curse which improves the following skills: Elements: Fire Magic, Ice
   Magic, Air Magic and Earth Magic.
   Fortitude: Armour and Shields.
 g - the cursed +0 pair of gloves of Ashenzari's Failure (worn) {rC+ Will+ Int+3, Cun, Self}
   (You acquired it on level 1 of the Elven Halls)

   Int+3:     It affects your intelligence (+3).
   rC+:       It protects you from cold.
   Will+:     It increases your willpower.
   It has a curse which improves the following skills: Cunning: Dodging and
   Stealth.
   Introspection: Fighting and Spellcasting.
 h - the cursed +0 helmet of Curses and Power (worn) {*Corrode rF++ Regen+ SInv, Fort, Elem}
   (You bought it in a shop on level 2 of the Snake Pit)

   rF++:      It greatly protects you from fire.
   SInv:      It lets you see invisible.
   Regen+:    It increases your rate of health regeneration.
   *Corrode:  It may corrode you when you take damage.
   It has a curse which improves the following skills: Fortitude: Armour and
   Shields.
   Elements:  Fire Magic, Ice Magic, Air Magic and Earth Magic.
 i - the cursed +8 tower shield of the Wild Blue Yonder (worn) {reflect, Fort, Sorc}
   (You took it off a naga warrior on level 4 of the Snake Pit)

   It has a curse which improves the following skills: Fortitude: Armour and
   Shields.
   Sorcery:   Conjurations and Alchemy.
Magical Staves
 a - the cursed staff of Desmomancy (weapon) {rElec rC+ Str+2 Fire Air, Sorc, Dev}
   (You found it on level 3 of the Elven Halls)

   [staff of air]

   Base accuracy: +5 Base damage: 5 Base attack delay: 1.2 This weapon's minimum
   attack delay (0.6) is reached at skill level 12.
   Str+2:     It affects your strength (+2).
   rC+:       It protects you from cold.
   rElec:     It insulates you from electricity.
   Fire:      It increases the power of your Fire spells.
   Air:       It increases the power of your Air spells.
   It falls into the 'Staves' category.
   It is a one-handed weapon.
   It has a curse which improves the following skills: Sorcery: Conjurations and
   Alchemy.
   Devices:   Evocations and Shapeshifting.
Jewellery
 q - the cursed amulet "Ensconced Together" (around neck) {Regen+, Fort, Cun}
   (You bought it in a shop on level 2 of the Orcish Mines)

   [amulet of regeneration]

   Regen+:    It increases your rate of health regeneration.
   It has a curse which improves the following skills: Fortitude: Armour and
   Shields.
   Cunning:   Dodging and Stealth.
 B - the cursed ring "Affliction of Ashenzari" (right hand) {Wiz, Fort, Sorc}
   (You found it on level 3 of the Elven Halls)

   [ring of wizardry]

   Wiz:       It improves your spell success rate.
   It has a curse which improves the following skills: Fortitude: Armour and
   Shields.
   Sorcery:   Conjurations and Alchemy.
 C - the cursed ring "Oscillating Fan" (left hand) {rElec rC+ Str+3 Dex+4, Elem, Dev}
   (You found it on level 4 of the Snake Pit)

   [ring of protection from cold]

   Str+3:     It affects your strength (+3).
   Dex+4:     It affects your dexterity (+4).
   rC+:       It protects you from cold.
   rElec:     It insulates you from electricity.
   It has a curse which improves the following skills: Elements: Fire Magic, Ice
   Magic, Air Magic and Earth Magic.
   Devices:   Evocations and Shapeshifting.
Wands
 c - a wand of quicksilver (25)
 p - a wand of charming (27)
 r - a wand of flame (28)
 D - a wand of digging (30)
 N - a wand of mindburst (80)
 O - a wand of roots (54)
Scrolls
 f - 9 scrolls of noise
 k - 11 scrolls of fear
 m - 2 scrolls of revelation
 o - 11 scrolls of summoning
 v - 13 scrolls of fog
 w - a scroll of enchant weapon
 y - 6 scrolls of blinking
 A - a scroll of brand weapon
 G - 9 scrolls of poison
 I - 34 scrolls of teleportation
 J - a scroll of enchant armour
 L - a scroll of acquirement
Potions
 j - 29 potions of curing
 n - 9 potions of might
 s - 9 potions of invisibility
 t - 11 potions of mutation
 x - 9 potions of brilliance
 E - 10 potions of ambrosia
 F - 16 potions of heal wounds
 H - 11 potions of haste
 M - a potion of berserk rage
 P - a potion of resistance
 T - 13 potions of cancellation
 Z - 10 potions of enlightenment
Miscellaneous
 u - a condenser vane
 z - a phantom mirror
 K - a lightning rod (4/4)
 R - a phial of floods
 V - a sack of spiders


   Skills:
 O Level 27 Fighting
 - Level 11.0(12.1) Maces & Flails
 - Level 9.3(12.0) Staves
 * Level 14.8(21.3) Armour
 * Level 17.9(21.3) Dodging
 - Level 1.5(3.9) Stealth
 - Level 20.7(27) Shields
 - Level 22.4(24.5) Spellcasting
 - Level 22.4(26.6) Conjurations
 - Level 22.4 Hexes
 - Level 22.4 Summonings
 - Level 22.4 Necromancy
 O Level 27 Translocations
 - Level 22.4(27) Fire Magic
 - Level 22.4(27) Ice Magic
 - Level 22.4(27) Air Magic
 - Level 22.4(27) Earth Magic
 - Level 22.4(26.6) Alchemy
 - Level 17.4(22.0) Evocations


You knew the following spells:

 Your Spells              Type           Power      Damage    Failure   Level
a - Airstrike             Air            81%        2d(12-28) 1%          4
b - Iskenderun's Battles  Conj           100%       2d15      1%          5
c - Maxwell's Capacitive  Air            81%        ∞         1%          8
d - Static Discharge      Conj/Air       100%       3-8/arc   1%          2
e - Freeze                Ice            100%       1d10      1%          1
f - Shock                 Conj/Air       100%       1d9       1%          1
g - Gell's Gravitas       Tloc           100%       N/A       1%          3
h - Hailstorm             Conj/Ice       100%       3d16      1%          3
i - Ignite Poison         Fire/Alch      100%       N/A       1%          4
j - Chain Lightning       Conj/Air       81%        3d108     1%          9
l - Conjure Ball Lightni  Conj/Air       81%        3x3d31    1%          6
m - Monstrous Menagerie   Summ           64%        N/A       1%          7
n - Eringya's Noxious Bo  Alch           68%        4d6       1%          6
r - Searing Ray           Conj           100%       2d8       1%          2
s - Fire Storm            Conj/Fire      81%        8d20      1%          9
z - Ozocubu's Refrigerat  Ice            68%        4d22      1%          7
M - Swiftness             Air            100%       N/A       1%          3
Your spell library was empty.

Dungeon Overview and Level Annotations

Branches:
Dungeon (15/15)            Temple (1/1) D:7            Lair (5/5) D:11
  Swamp (4/4) Lair:2        Snake (4/4) Lair:3        Slime (5/5) Lair:5
    Orc (2/2) D:10            Elf (3/3) Orc:2        Vaults (5/5) D:14
  Crypt (3/3) Vaults:2       Tomb (0/3) Crypt:3      Depths (4/4) D:15
    Zot (5/5) Depths:4    Ossuary (visited)           IceCv (visited)
 WizLab (visited)

Altars:
Ashenzari
Cheibriados
Dithmenos
Elyvilon
Fedhas
Gozag
Hepliaklqana
Makhleb
Nemelex Xobeh
Okawaru
Qazlal
Ru
Trog
Uskayaw
Wu Jian
Xom
Yredelemnul
Zin
The Shining One
Jiyva

Shops:
D:6 ![(?   Orc:1 **   Orc:2 (!==   Elf:1 =::?   Snake:2 !*[([   Vaults:3 [
Depths:2 *:[   Depths:4 [

Portals:
Hell: Depths:1 Depths:2 Depths:3 Depths:4
Abyss: Depths:3
Pandemonium: Depths:2 Depths:4
Ziggurat: Depths:2


Innate Abilities, Weirdness & Mutations

You are immune to sickness and miasma.
You are immune to poison.
Your flesh is very heat resistant. (rF++)
You are vulnerable to cold. (rC-)
You float through the air rather than walking.
You learn spells naturally, not from books.
Your magical power is your life essence.
You have superior vitality. (+4 MHP)
You are partially covered in large bone plates. (SH +4)
Your spells are a little harder to cast, but a little more powerful.


Message History

You feel a surge of power!
You begin accumulating electric charge. (Press . to continue charging.)
You feel charge building up...
You feel charge building up...
The electricity discharges through the Brimstone Fiend!!!!
The Brimstone Fiend vaporises in an electric haze!
You kill the Brimstone Fiend!
(D) Dungeon (T) Temple (L) Lair (S) Swamp (P) Snake Pit (M) Slime Pits (O) Orcish Mines (E) Elven Halls (V) Vaults (C) Crypt (W) Tomb (U) Depths (H) Hell (Z) Zot
Where to? (* - list waypoints, Tab/Enter - D:1, ? - help)
There is a stone staircase leading up here.
You fly upwards.
There is a stone staircase leading down here.
There is a stone staircase leading up here.
You fly upwards.
There is a stone staircase leading down here.
There is an escape hatch in the ceiling here.
A mysterious force pulls you upwards. The hatch slams shut behind you.
There is a stone staircase leading up here.
You fly upwards.
There is a stone staircase leading down here.
There is a stone staircase leading up here.
You fly upwards.
There is a stone staircase leading down here.
There is a stone staircase leading up here.
You fly upwards.
There is a stone staircase leading down here.
There is a stone staircase leading up here.
You fly upwards.
There is a stone staircase leading down here.
Aiming: Dig
Press: ? - help, Shift-Dir - straight line A rock wall.
This square is covered in magical glow.
The rock shatters into small pieces.
There is a staircase leading out of the dungeon here.
Enter note: Woot!
You have escaped!

###......# #.##...#####
#......# ##>..........
######## ##.###########
###### ####.## ####.....
##....####....####....###.
#......##......##.......#.
#..##..##..##..##..##.#.#.
#..##..#....#.{##..##.....
#..##..#.@..#..##..##.....
####..##..##..##..##..##.....
#.....##......##......##.....
#....####....####....###.##.#
#.#### ###### ###### #.##.#
#.### ### ####.# #...#####
#.# #.# ###.....# #.# #.#
#####.# #.# #.#


There were no monsters in sight!

Vanquished Creatures
  the Royal Jelly (Slime:5)
  Dissolution (Slime:2)
  3 dread liches
  2 ancient liches
  9 orbs of fire
  2 juggernauts
  3 pandemonium lords
  Josephina (Depths:3)
  Sojobo (Vaults:4)
  5 Killer Klowns
  the Lernaean hydra (Swamp:4)
  Saint Roka (Crypt:2)
  The ghost of Faydane the Hoplite, a veteran HuFi of the Shining One (Vaults:4)
  7 caustic shrikes
  5 curse toes
  Margery (Depths:3)
  13 golden dragons
  The ghost of Marixus the Executioner, an adept HOFi of Beogh (Vaults:4)
  The ghost of Etottig the Warrior, an adept DgCj (Depths:4)
  2 bone dragons
  4 electric golems
  A hellephant (Depths:3)
  A shard shrike zombie (Crypt:3)
  A Brimstone Fiend (D:8)
  19 tentacled monstrosities
  5 liches
  An Ice Fiend (Zot:4)
  7 titans (Vaults:5)
  Mlioglotl (Swamp:2)
  Asterion (Vaults:3)
  26 Orb Guardians
  7 quicksilver dragons
  A moon troll (WizLab)
  6 sphinxes
  3 deep elf blademasters (Elf:3)
  A deep elf master archer (Elf:3)
  6 death cobs
  10 ancient champions
  17 acid blobs
  9 shadow dragons
  9 tentacled starspawn (WizLab)
  A thorn hunter (Swamp:3)
  Kirke (D:13)
  Donald (Swamp:3)
  5 protean progenitors
  Aizul (Elf:1)
  13 storm dragons
  14 tengu reavers
  7 rockslimes
  2 draconian knights
  7 revenants
  11 frost giants
  7 nagarajas
  7 azure jellies
  2 emperor scorpions (Depths:3)
  9 draconian monks
  2 fenstrider witches
  8 draconian shifters
  An iron dragon (Vaults:5)
  3 fire giants
  4 deep elf elementalists (Elf:3)
  7 vault wardens
  13 deep elf sorcerers
  6 ghost moths
  2 balrugs (Depths:4)
  6 draconian stormcallers
  6 draconian scorchers
  3 curse skulls
  The ghost of Kaxaet the Phalangite, a journeyman MfAl of Uskayaw (Orc:1)
  2 ghouls (Crypt:3)
  7 draconian annihilators
  2 orc warlords
  12 formless jellyfish
  A caustic shrike zombie (Crypt:3)
  A spriggan defender (Depths:3)
  3 cacodemons
  20 ironbound preservers
  A reaper (Orc:1)
  15 quicksilver oozes
  2 caustic shrike skeletons (Crypt:2)
  18 stone giants
  13 very ugly things
  10 deep elf death magi
  8 green draconians
  6 ironbound thunderhulks
  10 black draconians
  7 vampire knights
  7 deep elf demonologists (Elf:3)
  13 yellow draconians
  3 purple draconians
  12 deep elf annihilators
  4 eleionomae
  4 bunyips
  11 spark wasps
  10 red draconians
  4 war gargoyles
  2 lorocyprocas (D:12)
  10 white draconians
  17 dire elephants
  2 blizzard demons (IceCv)
  4 eidola
  10 ettins
  12 jiangshi
  9 fire dragons
  2 mummy priests (Crypt:3)
  9 deep elf high priests
  2 shambling mangroves (Swamp:4)
  4 rakshasas
  2 entropy weavers
  2 hell beasts (Depths:3)
  4 spriggan zombies
  8 ice dragons
  11 yaktaur captains
  Erolcha (Orc:2)
  27 great orbs of eyes
  A caustic shrike simulacrum (IceCv)
  2 salamander tyrants (Snake:4)
  34 hydras
  10 anacondas
  A spriggan skeleton (Crypt:3)
  7 alligators
  3 ogre magi
  An Orb Guardian zombie (Crypt:3)
  4 spriggan air magi
  26 vault guards
  11 centaur warriors
  A two-headed ogre (shapeshifter) (Vaults:5)
  4 catoblepae
  5 ghost crabs
  11 ironbound frosthearts
  A peacekeeper (Vaults:4)
  25 naga warriors
  5 boulder beetles
  3 hell hogs
  6 two-headed ogres
  3 death knights
  8 deep troll earth magi
  2 tengu warriors (D:13)
  An orc high priest (Crypt:2)
  13 naga sharpshooters
  3 occultists
  22 dancing weapons
  13 death yaks
  7 deep troll shamans
  A shock serpent (Snake:4)
  7 vampire magi
  18 hell knights
  2 spriggan berserkers (Depths:4)
  2 titan zombies
  14 deep elf knights
  7 sun demons
  A titan skeleton (Crypt:1)
  7 soul eaters
  9 spriggans
  4 shadow wraiths (Crypt:3)
  3 skysharks
  3 wretched stars (WizLab)
  A storm dragon zombie (Crypt:3)
  A golden dragon zombie (Crypt:2)
  2 sixfirhies (Zot:3)
  16 skeletal warriors
  5 salamander mystics
  7 iron trolls
  A death drake (shapeshifter) (Depths:4)
  8 glowing orange brains
  5 goliath frogs
  2 orange crystal statues
  12 large abominations
  5 mana vipers
  3 obsidian statues
  63 deep trolls
  A sun moth (shapeshifter) (Vaults:1)
  6 naga ritualists
  4 arcanists
  A deep troll (shapeshifter) (Vaults:5)
  11 swamp dragons
  A sea snake (shapeshifter) (Vaults:2)
  3 flayed ghosts
  A swamp dragon (shapeshifter) (Vaults:5)
  11 deep elf archers
  6 spriggan simulacra (IceCv)
  11 phantasmal warriors
  4 starcursed masses (WizLab)
  5 harpies
  5 bog bodies
  18 ironbound convokers
  4 spriggan druids
  A bunyip skeleton (Crypt:1)
  A harpy (shapeshifter) (D:13)
  A wolf spider zombie (Crypt:2)
  8 lindwurms
  A steelbarb worm (shapeshifter) (Vaults:5)
  26 ugly things
  15 necromancers
  16 deep elf pyromancers
  A jorogumo zombie (Crypt:3)
  4 orc knights
  2 stone giant zombies
  3 wolf spiders
  9 cyclopes
  A cyclops (shapeshifter) (Vaults:2)
  A jorogumo skeleton (Crypt:1)
  27 deep elf zephyrmancers
  A shadow dragon skeleton (Crypt:2)
  An iron dragon zombie (Crypt:3)
  10 orc sorcerers
  9 shining eyes
  10 manticores
  A will-o-the-wisp (Swamp:4)
  2 centaur zombies
  13 salamanders
  A rust devil (Zot:4)
  26 moths of wrath
  23 elephants
  15 vault sentinels
  28 black mambas
  3 kobold blastminers
  A titan simulacrum (Crypt:1)
  2 water nymphs (shapeshifter)
  23 naga magi
  A stone giant skeleton (Crypt:2)
  7 guardian serpents
  A torpor snail (Lair:5)
  A cane toad (shapeshifter) (D:13)
  3 smoke demons (Depths:1)
  10 eyes of devastation
  An alligator snapping turtle zombie (Crypt:2)
  A centaur skeleton (Crypt:1)
  A storm dragon simulacrum (Depths:3)
  15 cane toads
  2 kobold demonologists (D:12)
  4 efreet
  An iron troll zombie (Crypt:1)
  4 rime drakes
  4 gargoyles
  A white draconian zombie (Crypt:3)
  A hellion (Depths:1)
  2 spark wasp simulacra (Depths:3)
  23 yaktaurs
  7 tengu conjurers
  11 freezing wraiths
  4 unseen horrors
  9 ice devils (IceCv)
  7 komodo dragons
  An anaconda simulacrum (IceCv)
  A pale draconian skeleton (Crypt:1)
  3 golden dragon simulacra
  An alligator snapping turtle skeleton (Crypt:3)
  2 guardian mummies (Crypt:3)
  An iron troll skeleton (Crypt:2)
  7 tyrant leeches
  3 bloated husks
  A harpy zombie (Crypt:1)
  15 hornets
  A death drake zombie (Crypt:1)
  3 polar bears
  11 trolls
  A tyrant leech (shapeshifter) (Vaults:5)
  A sun moth zombie (Crypt:2)
  A shadow dragon simulacrum (Crypt:1)
  2 tarantellas
  3 alligator simulacra (IceCv)
  5 glass eyes
  A hydra skeleton (Crypt:2)
  13 blink frogs
  A slime creature (shapeshifter) (Vaults:5)
  92 slime creatures
  A tarantella zombie (Crypt:2)
  A culicivora (Vaults:4)
  A shadow (D:12)
  3 vampires
  A dire elephant simulacrum (IceCv)
  5 wyverns
  A spriggan (shapeshifter) (Vaults:5)
  7 hogs (D:13)
  5 wraiths
  An air elemental (Elf:1)
  3 fire elementals
  43 yaks
  Eustachio (D:4)
  4 basilisks
  A basilisk (shapeshifter) (Depths:4)
  A yak (shapeshifter) (D:13)
  7 golden eyes
  3 ushabtiu (Crypt:3)
  8 steam dragons
  7 water elementals
  6 minotaur simulacra (IceCv)
  A redback (Vaults:4)
  Grum (Lair:1)
  11 wargs
  18 vampire mosquitoes
  2 neqoxecs (WizLab)
  7 small abominations (Depths:1)
  Edmund (D:4)
  A deep troll zombie (Crypt:1)
  11 swamp worms
  A harpy simulacrum (IceCv)
  2 acid dragons (D:11)
  51 nagas
  12 water moccasins
  A naga skeleton (Crypt:2)
  2 sky beasts
  A two-headed ogre skeleton (Crypt:2)
  9 swamp drakes
  A hydra simulacrum (IceCv)
  An ice beast (shapeshifter) (D:14)
  The ghost of MonkeyDNika the Covered, an amateur MiFi (D:6)
  An ettin simulacrum (IceCv)
  9 laughing skulls
  27 orc warriors
  3 ice beasts
  A black bear (shapeshifter) (D:14)
  9 black bears
  28 wolves
  10 centaurs
  11 ogres
  4 phantoms
  7 kobold brigands
  2 elf zombies
  16 bullfrogs
  A komodo dragon zombie (Crypt:2)
  12 gnoll sergeants
  4 earth elementals
  5 scorpions
  10 deep troll simulacra (IceCv)
  5 wights
  A wyvern skeleton (Crypt:3)
  A lindwurm simulacrum (IceCv)
  A raiju skeleton (Crypt:1)
  3 electric eels
  12 howler monkeys
  2 vampire bats (D:9)
  4 bombardier beetles
  A bullfrog zombie (Ossuary)
  5 jellies
  A bullfrog skeleton (Crypt:2)
  7 hounds
  Crazy Yiuf (D:3)
  15 orc priests
  6 gnoll boudas
  23 mummies
  A sleepcap (D:7)
  7 iguanas
  Natasha (thrice) (D:4)
  49 orc wizards
  A scorpion zombie (D:5)
  2 hell rats (D:11)
  2 killer bee zombies (Ossuary)
  A brain worm zombie (Crypt:1)
  An acid dragon zombie (Crypt:2)
  A deep dwarf zombie (Crypt:3)
  2 crocodile zombies (Ossuary)
  A hound zombie (Ossuary)
  2 hound skeletons (D:5)
  2 howler monkey zombies (Ossuary)
  Robin (D:4)
  A howler monkey skeleton (D:5)
  25 gnolls
  A river rat (D:11)
  6 adders
  A shadow imp (D:7)
  3 white imps
  3 ufetubi
  A dart slug (D:5)
  5 ribbon worms
  A ribbon worm (shapeshifter) (Vaults:2)
  64 orcs
  A bat zombie (D:3)
  9 endoplasms
  3 giant cockroaches
  9 goblins
  6 hobgoblins
  15 jackals
  18 kobolds
  6 quokkas
  7 ball pythons
  3 ball python zombies (Ossuary)
  12 bats
  A bombardier beetle zombie (Crypt:1)
  4 frilled lizards
  A frilled lizard zombie (D:3)
  7 rats
  7 aspiring fleshes
  A fire vortex (Zot:4)
  9 starspawn tentacles (WizLab)
2601 creatures vanquished.

Vanquished Creatures (collateral kills)
  A draconian stormcaller (Zot:1)
  3 dancing weapons (Elf:3)
  A deep elf archer (Elf:3)
  A moth of wrath (Zot:3)
  A torpor snail (Zot:4)
  2 ettin zombies (Crypt:3)
  A slime creature (Vaults:2)
  An ice dragon skeleton (Crypt:3)
  An aspiring flesh (Zot:1)
  11 ball lightnings
23 creatures vanquished.

Vanquished Creatures (others)
  A spark wasp (Depths:4)
  2 bog bodies (Swamp:2)
  A sphinx simulacrum (Depths:3)
  A torpor snail (Lair:5)
  A bloated husk (Swamp:4)
  A sky beast (D:7)
  An orc (D:7)
  180 ball lightnings
  130 fire vortices
  12 starspawn tentacles (WizLab)
330 creatures vanquished.

Grand Total: 2954 creatures vanquished

Notes
Turn   | Place    | Note
-------+----------+-------------------------------------------
     0 | D:1      | Banquo the Djinni Air Elementalist began the quest for the
                  | Orb.
     0 | D:1      | Banquo set off with the following spells memorised: Shock,
                  | Static Discharge, Swiftness, Airstrike.
     0 | D:1      | Reached XP level 1. HP: 15/15 MP: 0/0
   185 | D:1      | Reached XP level 2. HP: 21/22 MP: 0/0
   258 | D:1      | Reached skill level 1 in Fighting
   414 | D:1      | Reached XP level 3. HP: 25/27 MP: 0/0
   414 | D:1      | Learned a level 1 spell: Freeze
  1157 | D:2      | Reached XP level 4. HP: 32/33 MP: 0/0
  1848 | D:3      | Reached XP level 5. HP: 33/39 MP: 0/0
  1848 | D:3      | Learned a level 2 spell: Searing Ray
  2140 | D:3      | Found a runed translucent door.
  2141 | D:3      | Noticed Crazy Yiuf
  2783 | D:4      | Noticed a black bear
  3321 | D:4      | Noticed Natasha
  3326 | D:4      | Killed Natasha
  3327 | D:4      | Reached XP level 6. HP: 44/46 MP: 0/0
  3633 | D:4      | Noticed Eustachio
  3885 | D:4      | Killed Eustachio
  3886 | D:4      | Reached XP level 7. HP: 16/52 MP: 0/0
  3886 | D:4      | Learned a level 3 spell: Hailstorm
  4062 | D:4      | Reached skill level 5 in Spellcasting
  4062 | D:4      | Reached skill level 5 in Conjurations
  4062 | D:4      | Reached skill level 5 in Hexes
  4062 | D:4      | Reached skill level 5 in Summonings
  4062 | D:4      | Reached skill level 5 in Necromancy
  4062 | D:4      | Reached skill level 5 in Translocations
  4062 | D:4      | Reached skill level 5 in Fire Magic
  4062 | D:4      | Reached skill level 5 in Ice Magic
  4062 | D:4      | Reached skill level 5 in Air Magic
  4062 | D:4      | Reached skill level 5 in Earth Magic
  4062 | D:4      | Reached skill level 5 in Alchemy
  4113 | D:4      | Noticed Robin
  4118 | D:4      | Killed Robin
  4256 | D:4      | Noticed Edmund
  4333 | D:4      | Killed Edmund
  4334 | D:4      | Reached skill level 5 in Fighting
  4588 | D:4      | Reached XP level 8. HP: 53/59 MP: 0/0
  5142 | D:4      | Noticed Natasha
  5144 | D:4      | Killed Natasha
  5151 | D:4      | Noticed Natasha
  5154 | D:4      | Killed Natasha
  5524 | D:5      | Entered Level 5 of the Dungeon
  6041 | D:5      | Found a sand-covered staircase.
  6176 | Ossuary  | Entered an ossuary
  6515 | Ossuary  | Reached XP level 9. HP: 43/67 MP: 0/0
  6515 | Ossuary  | Learned a level 3 spell: Gell's Gravitas
  7302 | D:5      | Found a burning altar of Makhleb.
  7303 | D:5      | Noticed a blizzard demon
  7307 | D:5      | Noticed a smoke demon
  7307 | D:5      | Noticed a hellwing
  8398 | D:6      | Found Plog's Magic Scroll Shoppe.
  8638 | D:6      | Found But Hush's Distillery.
  8874 | D:6      | Noticed MonkeyDNika's ghost (amateur MiFi)
  8992 | D:6      | Reached XP level 10. HP: 68/76 MP: 0/0
  8994 | D:6      | Found Jejaniqa's Armour Shop.
  9092 | D:6      | Found Afamukah's Antique Weapon Boutique.
  9201 | D:6      | Noticed a two-headed ogre
  9209 | D:6      | Killed a two-headed ogre
  9290 | D:6      | Found a transporter.
  9291 | D:6      | Identified the +6 ring mail "Kakhumaa" {Rampage rN+}
  9295 | D:6      | Found a transporter.
  9563 | D:7      | Found an iron altar of Okawaru.
 10121 | D:7      | Found a staircase to the Ecumenical Temple.
 10138 | Temple   | Entered the Ecumenical Temple
 10156 | Temple   | Became a worshipper of Ashenzari the Shackled
 10743 | D:7      | Noticed a manticore
 10758 | D:7      | Killed a manticore
 11051 | D:7      | Reached skill level 10 in Spellcasting
 11051 | D:7      | Reached skill level 10 in Conjurations
 11051 | D:7      | Reached skill level 10 in Hexes
 11051 | D:7      | Reached skill level 10 in Summonings
 11051 | D:7      | Reached skill level 10 in Necromancy
 11051 | D:7      | Reached skill level 10 in Translocations
 11051 | D:7      | Reached skill level 10 in Fire Magic
 11051 | D:7      | Reached skill level 10 in Ice Magic
 11051 | D:7      | Reached skill level 10 in Air Magic
 11051 | D:7      | Reached skill level 10 in Earth Magic
 11051 | D:7      | Reached skill level 10 in Alchemy
 11065 | D:7      | Reached XP level 11. HP: 41/85 MP: 0/0
 11065 | D:7      | Learned a level 4 spell: Ignite Poison
 11076 | D:7      | Reached skill level 10 in Fighting
 11642 | D:7      | Noticed a two-headed ogre
 11650 | D:7      | Killed a two-headed ogre
 12778 | D:7      | Found a staircase to the Ecumenical Temple.
 12842 | D:7      | Found an iron altar of Okawaru.
 14855 | D:9      | Reached * piety under Ashenzari
 14855 | D:9      | Identified a scroll of acquirement
 14871 | D:9      | Acquired the scarf "Neriox" {+Inv, +Blink rC+ Regen+}
 14887 | D:9      | Noticed a two-headed ogre
 15127 | D:9      | Killed a two-headed ogre
 15321 | D:9      | Noticed a two-headed ogre
 15325 | D:9      | Killed a two-headed ogre
 15355 | D:9      | Reached XP level 12. HP: 70/94 MP: 0/0
 16359 | D:10     | Entered Level 10 of the Dungeon
 16583 | D:10     | Reached ** piety under Ashenzari
 16622 | D:10     | Identified the +7 mace of Ipegh {venom, *Noise Str+4}
 16853 | D:10     | Found a stormy altar of Qazlal.
 17008 | D:10     | Found a staircase to the Orcish Mines.
 17275 | D:11     | Reached skill level 1 in Armour
 17544 | D:10     | Found a shadowy altar of Dithmenos.
 17668 | D:11     | Noticed a death yak
 17986 | D:11     | Noticed a death yak
 17999 | D:11     | Killed a death yak
 18002 | D:11     | Noticed a death yak
 18005 | D:11     | Killed a death yak
 18038 | D:11     | Killed a death yak
 18219 | D:11     | Found a staircase to the Lair.
 18535 | D:11     | Reached skill level 5 in Dodging
 18538 | D:11     | Reached XP level 13. HP: 82/103 MP: 0/0
 18538 | D:11     | Learned a level 5 spell: Iskenderun's Battlesphere
 19090 | Lair:1   | Entered Level 1 of the Lair of Beasts
 19133 | Lair:1   | Reached skill level 5 in Armour
 19584 | Lair:1   | Identified the +1 pair of boots "Oce Suex" {rC+ MP+9
                  | Slay+2}
 19885 | Lair:1   | Noticed a catoblepas
 19940 | Lair:1   | Killed a catoblepas
 20115 | Lair:1   | Reached *** piety under Ashenzari
 20123 | Lair:1   | Noticed Grum
 20126 | Lair:1   | Killed Grum
 20365 | Lair:2   | Reached XP level 14. HP: 103/112 MP: 0/0
 20371 | Lair:2   | Reached XP level 15. HP: 97/121 MP: 0/0
 20371 | Lair:2   | Learned a level 6 spell: Conjure Ball Lightning
 21185 | Lair:2   | Found a staircase to the Swamp.
 21714 | Lair:2   | Found a staircase to the Swamp.
 22064 | Lair:3   | Found a staircase to the Snake Pit.
 22261 | Lair:3   | Reached skill level 15 in Fighting
 22607 | Lair:4   | Reached skill level 1 in Evocations
 22631 | Lair:4   | Identified the +10 quarterstaff of Banquo's Bloody Death
                  | {flame, *Corrode rC- Will+++ Str+4}
 23642 | Lair:5   | Entered Level 5 of the Lair of Beasts
 23895 | Lair:5   | Identified the +0 leather armour "Hataism" {rElec rPois
                  | Regen+ MP-9}
 23957 | Lair:5   | Found a staircase to the Slime Pits.
 24071 | Lair:5   | Reached XP level 16. HP: 125/132 MP: 0/0
 24322 | Lair:5   | Reached skill level 15 in Spellcasting
 24322 | Lair:5   | Reached skill level 15 in Conjurations
 24322 | Lair:5   | Reached skill level 15 in Hexes
 24322 | Lair:5   | Reached skill level 15 in Summonings
 24322 | Lair:5   | Reached skill level 15 in Necromancy
 24322 | Lair:5   | Reached skill level 15 in Translocations
 24322 | Lair:5   | Reached skill level 15 in Fire Magic
 24322 | Lair:5   | Reached skill level 15 in Ice Magic
 24322 | Lair:5   | Reached skill level 15 in Air Magic
 24322 | Lair:5   | Reached skill level 15 in Earth Magic
 24322 | Lair:5   | Reached skill level 15 in Alchemy
 24609 | Lair:5   | Reached skill level 5 in Evocations
 24997 | Lair:5   | Identified Guclutru's Information on Creeping Blasting
 25326 | Lair:5   | Found a staircase to the Slime Pits.
 26168 | D:12     | Identified the +3 ring mail of Nurchiti {rF+}
 26794 | D:3      | Killed Crazy Yiuf
 26955 | D:6      | Killed MonkeyDNika's ghost
 27369 | Orc:1    | Entered Level 1 of the Orcish Mines
 27429 | Orc:1    | Reached **** piety under Ashenzari
 27542 | Orc:1    | Found a runed translucent gate.
 27542 | Orc:1    | Found a runed translucent gate.
 27545 | Orc:1    | Found an opulent altar of Gozag.
 27546 | Orc:1    | Found a runed translucent gate.
 27546 | Orc:1    | Found Hashidau's Assorted Antiques.
 27547 | Orc:1    | Noticed Kaxaet's ghost (journeyman MfAl)
 27548 | Orc:1    | Found Viwunynk's Assorted Antiques.
 27761 | Orc:1    | Killed Kaxaet's ghost
 27859 | Orc:1    | Bought a slimy robe for 136 gold pieces
 27859 | Orc:1    | Identified the +0 robe "Birur" {rPois} (You bought it in a
                  | shop on level 1 of the Orcish Mines)
 27878 | Orc:2    | Entered Level 2 of the Orcish Mines
 28978 | Orc:2    | Found a staircase to the Elven Halls.
 29595 | Orc:2    | Reached skill level 5 in Shields
 29812 | Orc:2    | Found Ripy's Antique Weapon Boutique.
 30089 | Orc:2    | Bought a slimy rapier for 297 gold pieces
 30089 | Orc:2    | Identified the +2 rapier of Liakkyle {drain, rC- Int+5
                  | Stlth+} (You bought it in a shop on level 2 of the Orcish
                  | Mines)
 30392 | Orc:2    | Found Ulocacud's Jewellery Shop.
 30398 | Orc:2    | Noticed Erolcha
 30427 | Orc:2    | Killed Erolcha
 30748 | Orc:2    | Found Yfofit's Distillery.
 30757 | Orc:2    | Found Cihosh's Jewellery Boutique.
 31007 | Orc:2    | Bought an amulet of regeneration for 360 gold pieces
 31049 | Orc:2    | Bought a slimy morningstar for 297 gold pieces
 31049 | Orc:2    | Identified the +10 morningstar of Blood {spect, rElec rPois
                  | rCorr Int-2} (You bought it in a shop on level 2 of the
                  | Orcish Mines)
 31291 | D:13     | Reached XP level 17. HP: 103/138 MP: 0/0
 31291 | D:13     | Learned a level 7 spell: Ozocubu's Refrigeration
 31417 | D:13     | Noticed Kirke
 31493 | D:12     | Identified the cursed +2 helmet "Bound Together" {Int+3,
                  | Elem, Sorc} (You found it on level 6 of the Dungeon)
 31493 | D:12     | Identified the cursed +0 pair of gloves "Share My Ennui"
                  | {Range, Elem} (You found it on level 5 of the Dungeon)
 31493 | D:12     | Identified the cursed ring "Scepticism of Ashenzari" {rC+,
                  | Self, Elem} (You found it on level 1 of the Lair of Beasts)
 31493 | D:12     | Identified the cursed ring "Idealism of Ashenzari" {EV+5,
                  | Cun, Elem} (You found it on level 7 of the Dungeon)
 31676 | D:13     | Reached skill level 1 in Maces & Flails
 32481 | D:13     | Killed Kirke
 32562 | D:13     | Identified the +1 great sword of the Undead {flame, *Rage
                  | Str+5 Int-3}
 34083 | D:14     | Found a faded altar of an unknown god.
 34083 | D:14     | Found a hazy altar of Hepliaklqana.
 34085 | D:14     | Found a faded altar of an unknown god.
 34509 | D:14     | Found a gate to the Vaults.
 34651 | D:15     | Entered Level 15 of the Dungeon
 35556 | D:15     | Found a staircase to the Depths.
 35819 | Snake:1  | Entered Level 1 of the Snake Pit
 36674 | Snake:2  | Reached XP level 18. HP: 140/148 MP: 0/0
 37114 | Snake:2  | Reached ***** piety under Ashenzari
 37211 | Snake:2  | Found Ozxoxzil's Weapon Shoppe.
 37215 | Snake:2  | Found Pej Ray's Antique Armour Shoppe.
 37215 | Snake:2  | Found Finilisy's General Store.
 37222 | Snake:2  | Found Hajuof's Distillery.
 37247 | Snake:2  | Bought a faintly glowing helmet for 266 gold pieces
 37247 | Snake:2  | Identified the +0 helmet "Imnei" {*Corrode rF++ Regen+
                  | SInv} (You bought it in a shop on level 2 of the Snake Pit)
 37317 | Snake:2  | Found Diassum's Armour Shoppe.
 38512 | Snake:4  | Entered Level 4 of the Snake Pit
 38667 | Snake:4  | Reached skill level 5 in Maces & Flails
 38747 | Snake:4  | Identified the ring of Temperance {rElec rC+ Str+3 Dex+4}
 39431 | Snake:4  | Reached XP level 19. HP: 140/154 MP: 0/0
 39431 | Snake:4  | Learned a level 6 spell: Eringya's Noxious Bog
 40032 | Snake:4  | Got a serpentine rune of Zot
 41503 | Swamp:1  | Entered Level 1 of the Swamp
 42040 | Swamp:2  | Noticed Mlioglotl
 42234 | Swamp:2  | Killed Mlioglotl
 42480 | Swamp:2  | Found a basalt altar of Yredelemnul.
 42624 | Swamp:3  | Found a glacial archway.
 42639 | IceCv    | Entered an ice cave
 43074 | IceCv    | Reached skill level 10 in Shields
 43194 | IceCv    | Reached XP level 20. HP: 161/162 MP: 0/0
 43814 | IceCv    | Identified the +1 pair of boots "Qejuupn" {MP+9}
 44595 | Swamp:3  | Noticed Donald
 44601 | Swamp:3  | Killed Donald
 44907 | Swamp:4  | Entered Level 4 of the Swamp
 44946 | Swamp:4  | Noticed a tentacled monstrosity
 44954 | Swamp:4  | Killed a tentacled monstrosity
 45439 | Swamp:4  | Noticed the 27-headed Lernaean hydra
 45447 | Swamp:4  | Killed the 27-headed Lernaean hydra
 45530 | Swamp:4  | Reached skill level 10 in Evocations
 45692 | Swamp:4  | Got a decaying rune of Zot
 45944 | Elf:1    | Entered Level 1 of the Elven Halls
 46009 | Elf:1    | Found Qenoumn's Magic Scroll Shoppe.
 46076 | Elf:1    | Identified the serpent talisman of Unambiguity {Dex+2}
 46076 | Elf:1    | Noticed Aizul
 46081 | Elf:1    | Killed Aizul
 46082 | Elf:1    | Found Toabb's Jewellery Emporium.
 46083 | Elf:1    | Found Wasek's Book Boutique.
 46083 | Elf:1    | Found Meecaib's Book Boutique.
 46158 | Elf:1    | Identified Ereshkigal's Quarto of the Crypt
 46552 | Elf:1    | Reached XP level 21. HP: 166/169 MP: 0/0
 46552 | Elf:1    | Learned a level 7 spell: Monstrous Menagerie
 46697 | Elf:1    | Bought a scroll of acquirement for 936 gold pieces
 47227 | Elf:2    | Found a runed translucent gate.
 47228 | Elf:2    | Found a runed translucent gate.
 47242 | Elf:2    | Found a runed translucent gate.
 47697 | Elf:3    | Entered Level 3 of the Elven Halls
 47997 | Elf:3    | Identified the amulet of Kuvifowiz {Spirit +Blink rF- Str+9
                  | Int-2}
 49242 | Elf:3    | Identified the +9 morningstar "Leucil Rosi" {venom, rElec
                  | rPois rC+ Str-5 Int+4}
 49485 | Elf:3    | Identified the ring of Qasuov {rPois rF+ Int+4}
 49486 | Elf:3    | Identified the +9 plate armour of Past Mistakes {rPois rC-
                  | Str+3}
 49486 | Elf:3    | Identified the +0 leather armour of Free Will {rF+++ rN++
                  | Int+2 Stlth-}
 49516 | Elf:3    | Identified the staff "Ufeemp" {rElec rC+ Str+2 Fire Air}
 49518 | Elf:3    | Identified the +3 shortbow of the Fifty Servitors {freeze,
                  | rN+}
 49520 | Elf:3    | Identified the +9 arbalest "Iwkiog" {elec, ^Drain rF+ Int+3
                  | Dex+2}
 49577 | Elf:3    | Found the +8 demon trident "Rift" {distort, reach+}
 50036 | Vaults:1 | Entered Level 1 of the Vaults
 50210 | Vaults:1 | Reached XP level 22. HP: 134/178 MP: 0/0
 50498 | Vaults:1 | Reached skill level 10 in Maces & Flails
 50545 | Vaults:1 | Identified the staff of Okawaru's Envy {Int+2 Conj}
 50545 | Vaults:1 | Identified the staff of Classification {rC+ Int+4 Dex-5
                  | Tloc Ice}
 50557 | Vaults:1 | Identified the +0 pair of gloves of the Sun {Will+ Str+2}
 50819 | Vaults:1 | Identified the +1 hand axe of the Blushing Firefly {flame,
                  | ^Fragile rElec rF++ rCorr}
 52334 | Vaults:2 | Found a staircase to the Crypt.
 52400 | Vaults:2 | Reached XP level 23. HP: 172/186 MP: 0/0
 52400 | Vaults:2 | Learned a level 8 spell: Maxwell's Capacitive Coupling
 53023 | Vaults:3 | Found a magical portal.
 53033 | Vaults:3 | Noticed Asterion
 53035 | Vaults:3 | Killed Asterion
 53110 | WizLab   | Entered Lehudib's Moon Base
 53320 | WizLab   | Found a transporter.
 53597 | WizLab   | Identified the +3 chain mail of the Last Shrikes {*Slow
                  | rN++ Dex+4}
 53600 | WizLab   | Found a transporter.
 53623 | WizLab   | Gained mutation: You sometimes lose your temper in combat.
                  | [a cacodemon]
 53767 | WizLab   | Identified the +0 war axe of Desperation {elec, rC+++ Str-5
                  | Dex-5 SInv}
 53767 | WizLab   | Identified the ring "Nalieceg" {rN+ MP+9 Dex+2 Slay+2}
 54106 | WizLab   | Identified the amulet of Darkness {Spirit Rampage rF+
                  | Dex+2}
 55566 | Vaults:3 | Found Bauwnaicw's Armour Shoppe.
 55612 | Vaults:3 | Reached XP level 24. HP: 183/191 MP: 0/0
 55826 | Vaults:4 | Identified the +0 pair of gloves of Piogat {Rampage}
 55850 | Vaults:4 | Acquired the +0 pair of gloves "Gaunakko" {rC+ Will+ Int+3}
 55933 | Vaults:4 | Noticed Sojobo
 55940 | Vaults:4 | Killed Sojobo
 56481 | Vaults:4 | Found a runed translucent gate.
 56481 | Vaults:4 | Found a runed translucent gate.
 56481 | Vaults:4 | Found a runed translucent gate.
 56482 | Vaults:4 | Noticed Marixus's ghost (adept HOFi)
 56482 | Vaults:4 | Noticed Faydane's ghost (veteran HuFi)
 56863 | Vaults:4 | Killed Faydane's ghost
 56867 | Vaults:4 | Killed Marixus's ghost
 57273 | Depths:1 | Entered Level 1 of the Depths
 57495 | Depths:1 | Identified the +0 morningstar of Balance {venom, Dex+2}
 57669 | Depths:1 | Found a gateway to Hell.
 58007 | Depths:1 | Identified the +5 halberd "Worm" {freeze, rC+ Str+3}
 58293 | Depths:2 | Found a one-way gateway to a ziggurat.
 58409 | Depths:2 | Reached skill level 15 in Shields
 58496 | Depths:2 | Found a one-way gate leading to the halls of Pandemonium.
 58589 | Depths:2 | Found Owkuh's Armour Boutique.
 58591 | Depths:2 | Found Ziqu Zay's Book Shop.
 58593 | Depths:2 | Found Nakhlip's Assorted Antiques.
 59167 | Depths:2 | Noticed a caustic shrike
 59173 | Depths:2 | Killed a caustic shrike
 59231 | Depths:2 | Noticed a juggernaut
 59235 | Depths:2 | Killed a juggernaut
 59445 | Depths:3 | Reached XP level 25. HP: 177/200 MP: 0/0
 59445 | Depths:3 | Learned a level 9 spell: Chain Lightning
 59999 | Depths:3 | Identified the ring "Kuraipo" {Ice Dex+2 Stlth+}
 59999 | Depths:3 | Noticed Josephina
 60004 | Depths:3 | Killed Josephina
 60158 | Depths:3 | Noticed a caustic shrike
 60162 | Depths:3 | Killed a caustic shrike
 60319 | Depths:3 | Identified the +10 dire flail "Xevel" {flame, rElec rN+}
 60834 | Depths:3 | Identified the +4 scale mail of the Lychee {Regen+}
 60837 | Depths:3 | Noticed Margery
 60842 | Depths:3 | Killed Margery
 60865 | Depths:3 | Reached skill level 10 in Dodging
 60905 | Depths:3 | Found a stormy altar of Qazlal.
 61314 | Depths:3 | Found a one-way gate to the infinite horrors of the Abyss.
 61338 | Depths:3 | Found a one-way gate to the infinite horrors of the Abyss.
 61759 | Depths:3 | Found a stormy altar of Qazlal.
 62020 | Depths:4 | Entered Level 4 of the Depths
 62255 | Depths:4 | Found a runed translucent door.
 62259 | Depths:4 | Noticed Etottig's ghost (adept DgCj)
 62449 | Depths:4 | Noticed a caustic shrike
 62452 | Depths:4 | Noticed a caustic shrike
 62454 | Depths:4 | Noticed a caustic shrike
 62455 | Depths:4 | Killed a caustic shrike
 62455 | Depths:4 | Noticed a caustic shrike
 62456 | Depths:4 | Killed a caustic shrike
 62456 | Depths:4 | Noticed a caustic shrike
 62457 | Depths:4 | Reached skill level 10 in Armour
 62457 | Depths:4 | Killed a caustic shrike
 62458 | Depths:4 | Killed a caustic shrike
 62458 | Depths:4 | Killed a caustic shrike
 62508 | Depths:4 | Noticed a juggernaut
 62513 | Depths:4 | Killed a juggernaut
 62576 | Depths:4 | Found Inlutoc's Armour Boutique.
 62696 | Depths:4 | Reached XP level 26. HP: 191/208 MP: 0/0
 62804 | Depths:4 | Found a gate to the Realm of Zot.
 63288 | Depths:4 | Killed Etottig's ghost
 64358 | Slime:1  | Entered Level 1 of the Pits of Slime
 64570 | Slime:1  | Found a viscous altar of Jiyva.
 64742 | Slime:2  | Noticed Dissolution
 64744 | Slime:2  | Killed Dissolution
 66166 | Slime:5  | Entered Level 5 of the Pits of Slime
 66990 | Slime:5  | Noticed the Royal Jelly
 66993 | Slime:5  | Killed the Royal Jelly
 66994 | Slime:5  | Reached XP level 27. HP: 218/218 MP: 0/0
 66994 | Slime:5  | Learned a level 9 spell: Fire Storm
 67116 | Slime:5  | Identified the +0 plate armour of the Northern Lights {Harm
                  | rElec}
 67116 | Slime:5  | Identified the ring of Lusyruhu {rCorr Int+7}
 67116 | Slime:5  | Found the +12 glaive of Prune {freeze, Prune}
 67117 | Slime:5  | Identified the ring "Zazaumn" {^Drain rF+ rCorr Str+5}
 67117 | Slime:5  | Identified the Volume of Synthesized Wounds
 67133 | Slime:5  | Got a slimy rune of Zot
 67142 | Slime:5  | Identified the staff of the Mauling Gods {rF+ Str+8 Fire}
 67146 | Slime:5  | Identified the +7 chain mail "Xumosa" {rC+ rN+}
 67150 | Slime:5  | Identified the +5 ring mail of Gluttony {Fly}
 67151 | Slime:5  | Identified the Compendium of Wildfire
 67702 | D:11     | Acquired 1022 gold pieces
 67925 | Vaults:5 | Entered Level 5 of the Vaults
 67942 | Vaults:5 | Noticed an ancient lich
 67979 | Vaults:5 | Killed an ancient lich
 68378 | Vaults:5 | Found the +16 obsidian axe {drain, demonic, Mesm ^Drain Fly
                  | SInv}
 68405 | Vaults:5 | Got a silver rune of Zot
 68504 | Vaults:5 | Identified the +8 great sword "Xuguety" {flame, rC+ Will+
                  | Int-4}
 68514 | Vaults:5 | Identified the +5 long sword of a sewer {flame, Int+5}
 68593 | Vaults:5 | Identified the +5 demon blade of Qulapav {freeze, rCorr
                  | Str+3}
 68778 | Vaults:5 | Identified the +2 scale mail of Resilience {Harm Will-
                  | Str+4}
 68782 | Vaults:5 | Identified the +4 arbalest of Yzuamu Efawk {heavy, Will+
                  | Str+3}
 68832 | Vaults:5 | Noticed a dread lich
 68838 | Vaults:5 | Killed a dread lich
 69147 | Vaults:5 | Identified the +3 short sword of Bodily Humours {freeze,
                  | *Rage Int+4}
 69185 | Vaults:5 | Identified the staff of Blind Justice {+Blink Will+ Conj
                  | Earth}
 69241 | Vaults:5 | Identified the +1 leather armour of the Lumpy Ears {rF-
                  | Str+3 Int+8 Dex-3}
 70564 | Orc:1    | Bought a scroll of teleportation for 81 gold pieces
 70564 | Orc:1    | Bought 2 scrolls of fear for 216 gold pieces
 70569 | Orc:1    | Bought a scroll of fog for 96 gold pieces
 70684 | Orc:2    | Bought a potion of invisibility for 128 gold pieces
 70684 | Orc:2    | Bought 2 potions of ambrosia for 256 gold pieces
 70684 | Orc:2    | Bought a potion of brilliance for 64 gold pieces
 70813 | Elf:1    | Bought a scroll of enchant armour for 135 gold pieces
 70813 | Elf:1    | Bought a scroll of teleportation for 54 gold pieces
 70813 | Elf:1    | Bought a scroll of noise for 18 gold pieces
 70813 | Elf:1    | Bought a scroll of fear for 72 gold pieces
 70813 | Elf:1    | Bought 3 scrolls of summoning for 513 gold pieces
 70813 | Elf:1    | Bought a scroll of fog for 72 gold pieces
 70912 | D:6      | Bought a potion of curing for 42 gold pieces
 70912 | D:6      | Bought a potion of brilliance for 56 gold pieces
 70912 | D:6      | Bought a potion of invisibility for 112 gold pieces
 70912 | D:6      | Bought a potion of brilliance for 56 gold pieces
 70912 | D:6      | Bought a potion of cancellation for 112 gold pieces
 70912 | D:6      | Bought a potion of heal wounds for 70 gold pieces
 70932 | D:6      | Bought a scroll of enchant weapon for 97 gold pieces
 70932 | D:6      | Bought a scroll of fog for 52 gold pieces
 70932 | D:6      | Bought a scroll of teleportation for 39 gold pieces
 70932 | D:6      | Bought a scroll of teleportation for 39 gold pieces
 70932 | D:6      | Bought a scroll of teleportation for 39 gold pieces
 70932 | D:6      | Bought a scroll of noise for 13 gold pieces
 70932 | D:6      | Bought a scroll of teleportation for 39 gold pieces
 71258 | Snake:2  | Bought 2 potions of heal wounds for 150 gold pieces
 71258 | Snake:2  | Bought a potion of haste for 150 gold pieces
 71258 | Snake:2  | Bought a potion of brilliance for 60 gold pieces
 71258 | Snake:2  | Bought a scroll of blinking for 112 gold pieces
 71960 | Snake:2  | Bought a potion of might for 64 gold pieces
 71960 | Snake:2  | Bought a potion of mutation for 128 gold pieces
 71960 | Snake:2  | Bought a potion of heal wounds for 80 gold pieces
 72163 | D:11     | Acquired a manual of Evocations
 72312 | Crypt:1  | Entered Level 1 of the Crypt
 72337 | Crypt:1  | Reached skill level 27 in Translocations
 73822 | Crypt:2  | Noticed Saint Roka
 73826 | Crypt:2  | Killed Saint Roka
 74340 | Crypt:2  | Reached skill level 27 in Fighting
 74359 | Crypt:1  | Found the ring of Shadows {Umbra +Inv Stlth+}
 74546 | Crypt:3  | Entered Level 3 of the Crypt
 74877 | Crypt:3  | Found a basalt altar of Yredelemnul.
 75836 | Crypt:3  | Found a basalt altar of Yredelemnul.
 75874 | Crypt:3  | Identified the staff "Wyoxtaro" {rN+ Str+3 Earth}
 75874 | Crypt:3  | Identified the +1 dagger "Areur" {protect, rPois}
 75874 | Crypt:3  | Identified Wetsalo's Guidebook on the Injurious Mesa
 76014 | Crypt:3  | Found a staircase to the Tomb.
 76196 | Crypt:3  | Found a basalt altar of Yredelemnul.
 76423 | Crypt:3  | Found a basalt altar of Yredelemnul.
 76995 | Zot:1    | Entered Level 1 of the Realm of Zot
 77065 | Zot:1    | Identified the +1 orcbow of the Evening {freeze, rPois rC++
                  | Int+3 Stlth-}
 77171 | Zot:1    | Reached skill level 15 in Dodging
 77670 | Zot:1    | Noticed a Killer Klown
 77673 | Zot:1    | Killed a Killer Klown
 77674 | Zot:1    | Noticed an orb of fire
 77678 | Zot:1    | Killed an orb of fire
 77725 | Zot:1    | Noticed a dread lich
 77728 | Zot:1    | Killed a dread lich
 79356 | Zot:3    | Reached skill level 1 in Staves
 80551 | Zot:4    | Reached skill level 5 in Staves
 80618 | Zot:4    | Noticed a Killer Klown
 80635 | Zot:4    | Killed a Killer Klown
 81037 | Zot:5    | Entered Level 5 of the Realm of Zot
 81377 | Zot:5    | Reached ****** piety under Ashenzari
 81664 | Zot:5    | Noticed an orb of fire
 81668 | Zot:5    | Killed an orb of fire
 81842 | Zot:5    | Noticed an ancient lich
 81846 | Zot:5    | Killed an ancient lich
 81869 | Zot:5    | Noticed an orb of fire
 81874 | Zot:5    | Killed an orb of fire
 81992 | Zot:5    | Noticed an orb of fire
 81997 | Zot:5    | Killed an orb of fire
 82006 | Zot:5    | Noticed an orb of fire
 82009 | Zot:5    | Noticed a Killer Klown
 82011 | Zot:5    | Killed an orb of fire
 82014 | Zot:5    | Killed a Killer Klown
 82105 | Zot:5    | Noticed an orb of fire
 82108 | Zot:5    | Killed an orb of fire
 82138 | Zot:5    | Noticed a Killer Klown
 82139 | Zot:5    | Killed a Killer Klown
 82165 | Zot:5    | Noticed a dread lich
 82169 | Zot:5    | Killed a dread lich
 82173 | Zot:5    | Reached skill level 15 in Evocations
 82276 | Zot:5    | Noticed a Killer Klown
 82279 | Zot:5    | Killed a Killer Klown
 82357 | Zot:5    | Noticed an orb of fire
 82360 | Zot:5    | Killed an orb of fire
 82405 | Zot:5    | Noticed an orb of fire
 82409 | Zot:5    | Killed an orb of fire
 82563 | Zot:5    | Gained mutation: You occasionally shout uncontrollably at
                  | your foes. [mutagenic glow]
 82581 | Zot:5    | Gained mutation: You are weak. (Str -2) [mutagenic glow]
 82721 | Zot:5    | Noticed an orb of fire
 82728 | Zot:5    | Killed an orb of fire
 83536 | Zot:5    | Got the Orb of Zot
 83576 | Zot:4    | Noticed Pillie the pandemonium lord
 83582 | Zot:4    | Killed Pillie the pandemonium lord
 83594 | Zot:3    | Lost mutation: You sometimes lose your temper in combat.
                  | [potion of mutation]
 83594 | Zot:3    | Lost mutation: You are weak. (Str -2) [potion of mutation]
 83594 | Zot:3    | Lost mutation: You occasionally shout uncontrollably at
                  | your foes. [potion of mutation]
 83594 | Zot:3    | Gained mutation: Your body sometimes deteriorates upon
                  | taking damage. [potion of mutation]
 83594 | Zot:3    | Gained mutation: You are partially covered in iridescent
                  | scales. (AC +2) [potion of mutation]
 83595 | Zot:3    | Lost mutation: You are partially covered in iridescent
                  | scales. (AC +2) [potion of mutation]
 83595 | Zot:3    | Lost mutation: Your body sometimes deteriorates upon taking
                  | damage. [potion of mutation]
 83595 | Zot:3    | Gained mutation: You are partially covered in large bone
                  | plates. (SH +4) [potion of mutation]
 83595 | Zot:3    | Gained mutation: Your spells are a little harder to cast,
                  | but a little more powerful. [potion of mutation]
 83842 | D:12     | Noticed Hatuacia the pandemonium lord
 83850 | D:12     | Killed Hatuacia the pandemonium lord
 83867 | D:12     | Noticed Wacepy the pandemonium lord
 83871 | D:12     | Killed Wacepy the pandemonium lord
 84034 | D:1      | Woot!
 84035 | D:$      | Escaped with the Orb!

Illustrated notes

###......# #.##...#####
#......# ##>..........
######## ##.###########
###### ####.## ####.....
##....####....####....###.
#......##......##.......#.
#..##..##..##..##..##.#.#.
#..##..#....#..##..##.....
#..##..#.@..#.{##..##.....
####..##..##..##..##..##.....
#.....##......##......##.....
#....####....####....###.##.#
#.#### ###### ###### #.##.#
#.### ### ####.# #...#####
#.# #.# ###.....# #.# #.#
#####.# #.# #.#


Turn 84034 on D:1: Woot!

Levels and vault maps discovered:
D:1:      minmay_arrival_wavy_path, layout_basic, chequers_arboretum
D:2:      layout_loops_ring
D:3:      layout_loops_ring, lemuel_zombie_altar_kikubaaqudgha,
          kennysheep_generic_room_15, uniq_crazy_yiuf_cottage
D:4:      layout_loops_ring, kennysheep_cluttered_room,
          kennysheep_pointless_box, uniq_robin, uniq_natasha, uniq_edmund,
          uniq_eustachio
D:5:      minmay_polygon_palace, layout_basic, makhleb_altar_promises_db,
          mainiacjoe_ossuary_entry_find_the_door, due_unseen_surprise
D:6:      layout_cave_pools, serial_shops, nicolae_square_shop,
          nicolae_shop_temple_entry_statues_fountains, shop, shop,
          gammafunk_ghost_gnarly_gnolls
D:7:      nzn_winding_woodlands_stair_cross
          [nzn_winding_woodlands_5x15_longhouse,
          nzn_winding_woodlands_center_pierced_h,
          nzn_winding_woodlands_5x15_lazy_stream,
          nzn_winding_woodlands_hourglass, nzn_winding_woodlands_5x5_perimeter,
          nzn_winding_woodlands_5x15_sidewinder,
          nzn_winding_woodlands_center_lodge, nzn_winding_woodlands_5x15_cabin],
          layout_cave_pools, okawaru_metal_pillars_1_2,
          minmay_temple_entry_drinking_statues
D:8:      layout_rooms
D:9:      layout_loops_ring, roderic_batcave, st_stairs_10
D:10:     layout_irregular_city, nicolae_overflow_hidden_temple,
          mainiacjoe_overflow_tiny_flanked, orc_0_dummy, serial_column_ruins,
          column_ruins_hut_water, column_ruins_open_tiny,
          column_ruins_columns_straight, column_ruins_grid_1,
          column_ruins_open_medium, grunt_decor_cap
D:11:     lemuel_castle_with_subvaults [lemuel_castle_interior_carwin_3],
          layout_irregular_city, dpeg_lair_monsters
D:12:     layout_rooms
D:13:     minmay_swirls_squares, layout_basic, uniq_kirke
D:14:     layout_basic, skrybe_vaults_entry_preservation,
          nicolae_hepliaklqana_ecumenical_no_more, nicolae_benzene_ring
D:15:     grunt_enter_depths_hoard, layout_loops_ring, serial_bayou_shore_a,
          serial_rivers, chequers_serial_rivers_small_a,
          chequers_serial_rivers_small_b, chequers_serial_rivers_marsh,
          chequers_serial_rivers_micro_e, chequers_serial_rivers_room_a,
          chequers_serial_rivers_micro_c, nicolae_vehumet_radiance
Temple:   eino_temple_scatter_basement
Lair:1:   layout_big_grid, grunt_megastairs_3, serial_bayou_shore_b, uniq_grum
Lair:2:   layout_regular_city, mainiacjoe_swamp_entry_lozenge_pond
Lair:3:   layout_big_grid, minmay_snake_entry_guardpost_small, lemuel_fruit_tree
Lair:4:   layout_cave_pods, serial_bayou_shore_b, grunt_megastairs_1
Lair:5:   grunt_lair_end_beastmaster, layout_misc_corridors, slime_entry_1,
          nicolae_lair_lakeside_cave
Swamp:1:  layout_basic_swamp, evilmike_swamp_ruin_house_4
Swamp:2:  layout_basic_swamp, evilmike_swamp_ruin_house_1, swamp_pool_4,
          grunt_ruined_hall, uniq_mlioglotl
Swamp:3:  layout_basic_swamp, portal_ice_cave_entry_dragon,
          evilmike_swamp_ruin_rubble_1, swamp_pool_1_2, grunt_witch_cave,
          uniq_donald
Swamp:4:  swamp, layout_basic_swamp
Snake:1:  layout_misc_corridors, grunt_ministairs_4
Snake:2:  layout_honeycomb, serial_shops, nicolae_shop_crystal, drop_trap,
          minmay_shoptagon, grunt_megastairs_4
Snake:3:  layout_chambers, hangedman_snake_thin_pillar_pass
Snake:4:  snake_pit, layout_layer_cave
Slime:1:  layout_caves, basic_altar
Slime:2:  layout_caves, dissolution_awaits
Slime:3:  layout_caves, cheibrodos_slime_lost_civilization_7
Slime:4:  layout_caves
Slime:5:  slime_pit
Orc:1:    layout_caves, ebering_ghost_gozag, hellmonk_talismancer
Orc:2:    kennysheep_orc_mage_school, layout_caves
Elf:1:    layout_geoelf_octagon, serial_shops,
          nicolae_shop_tiny_real_fake_doors, minmay_elf_necromancy,
          nicolae_elf_stone_circles, grunt_ministairs_14, minmay_shop_grove,
          uniq_aizul
Elf:2:    elven_hall_of_blades_hangedman_original
          [nicolae_blade_entry_area_security], layout_loops_corners,
          serial_sigils_hangedman_snap, palyth_stone_intersect,
          nicolae_elf_v_pinch
Elf:3:    minmay_elf_hall_four_x, layout_onion_city,
          serial_sigils_hangedman_carve, fountainhead
Vaults:1: ontoclasm_vaults_ring_small, hangedman_vaults_pinch, v_misc_30,
          nicolae_vaults_alarming, nicolae_vaults_storing_the_good_stuff,
          nicolae_vaults_heart-shaped_vault, vaults_standard_mumra_x,
          nicolae_vaults_variable_pillar_hall, nicolae_vaults_six-pack,
          nicolae_vaults_angled_halls, layout_vaults_omnigrid
Vaults:2: nicolae_vaults_stepped_doors, nicolae_vaults_cornered_office,
          minmay_crypt_entry_simple_corners, v_misc_10, v_misc_9,
          nicolae_vaults_shrinking_rooms_1, v_pattern_3,
          nicolae_vaults_apartment_1, grunt_vaults_hallway_short, v_misc_25,
          nicolae_vaults_loss_of_containment, ontoclasm_vaults_ligature,
          layout_vaults_omnibox
Vaults:3: mu_enter_wizlab_6, v_misc_3, nicolae_vaults_three_branches,
          hangedman_vaults_slither, v_misc_9, hangedman_vaults_stream,
          vaults_dpeg_cross, nicolae_vaults_apartment_1, v_rooms_3,
          nicolae_vaults_tetromino_L_2, layout_vaults_omnicross, serial_shops,
          nicolae_shop_trees, uniq_asterion
Vaults:4: gammafunk_ghost_cemetery, v_rooms_2, v_rooms_5,
          hangedman_vaults_snaps, nicolae_vaults_more_shelving_2,
          vaults_room_door_hall, nicolae_vaults_wine_cellar,
          vaults_room_stairs_pillars, nicolae_vaults_tetromino_T_2,
          serial_library_hellmonk_open_cross, layout_vaults_ring, uniq_sojobo
Vaults:5
Crypt:1:  layout_regular_city, minmay_strange_pillars,
          grunt_crypt_arrival_webbed, lemuel_upstairs_altar, grunt_megastairs_2
Crypt:2:  layout_chaotic_city, minicrypt_bobbens, uniq_saint_roka
Crypt:3:  lightli_unholy_cathedral, layout_chaotic_city,
          nicolae_tomb_entry_unfolded_pyramid_diagonal,
          roadster_capsule_ark_zombie
Depths:1: layout_basic, hellmouth_3, minmay_misc_feat_enclosed, laboratory
Depths:2: minmay_open_boxes_in_corner, layout_gridlike, enter_ziggurat_c,
          pan_entry, hell_entry, minmay_shop_star, grunt_megastairs_5
Depths:3: hangedman_hanging_gardens, layout_honeycomb,
          nicolae_qazlal_general_emergency, hell_entry, abyss_entry,
          infiniplex_staircase_pool_2, uniq_josephina, uniq_margery
Depths:4: grunt_zot_entry_tricorne, layout_basic, hangedman_tar_grid_catacomb,
          serial_shops, shop, grunt_pan_entry_zigzag, minmay_misc_feat_alley,
          ebering_ghost_reflecting_pool, serial_bayou_shore_b
Zot:1:    grunt_deathspiral_small, layout_onion
Zot:2:    layout_basic, regret_index_zotdec_twisting_globes
Zot:3:    layout_basic
Zot:4:    layout_misc_corridors
Zot:5:    layout_misc_corridors

Skill      XL: |  1  2  3  4  5  6  7  8  9 10 11 12 13 14 15 16 17 18 19 20 21 22 23 24 25 26 27 |
---------------+----------------------------------------------------------------------------------+-----
Fighting       | 1 2 3 4 5 6 8 9 11 12 13 14 15 16 17 18 19 20 21 22 24 27 | 27.0
Spellcasting   | 4 5 6 8 10 11 12 13 14 15 16 17 18 19 20 21 22 | 22.4
Conjurations   | 4 5 6 8 10 11 12 13 14 15 16 17 18 19 20 21 22 | 22.4
Hexes          | 4 5 6 8 10 11 12 13 14 15 16 17 18 19 20 21 22 | 22.4
Summonings     | 4 5 6 8 10 11 12 13 14 15 16 17 18 19 20 21 22 | 22.4
Necromancy     | 4 5 6 8 10 11 12 13 14 15 16 17 18 19 20 21 22 | 22.4
Translocations | 4 5 6 8 10 11 12 13 14 16 17 18 19 20 21 22 23 24 25 27 | 27.0
Fire Magic     | 4 5 6 8 10 11 12 13 14 15 16 17 18 19 20 21 22 | 22.4
Ice Magic      | 4 5 6 8 10 11 12 13 14 15 16 17 18 19 20 21 22 | 22.4
Air Magic      | 4 5 6 8 10 11 12 13 14 15 16 17 18 19 20 21 22 | 22.4
Earth Magic    | 4 5 6 8 10 11 12 13 14 15 16 17 18 19 20 21 22 | 22.4
Alchemy        | 4 5 6 8 10 11 12 13 14 15 16 17 18 19 20 21 22 | 22.4
Armour         | 3 6 7 8 10 14 | 14.8
Dodging        | 5 6 8 9 11 17 | 17.9
Shields        | 2 5 7 8 10 11 12 13 15 16 18 20 | 20.7
Evocations     | 4 5 6 8 9 10 17 | 17.4
Maces & Flails | 3 5 6 8 9 10 11 | 11.0
Staves         | 9 |  9.3
Stealth        | |  1.5

Action                     |  1- 3 |  4- 6 |  7- 9 | 10-12 | 13-15 | 16-18 | 19-21 | 22-24 | 25-27 || total
---------------------------+-------+-------+-------+-------+-------+-------+-------+-------+-------++-------
  Melee: Whip              |       |     2 |       |       |       |       |       |       |       ||     2
         Dagger            |       |       |       |     1 |       |       |       |       |       ||     1
         Staff             |       |       |       |       |       |       |       |       |     7 ||     7
   Cast: Shock             |    59 |    96 |    46 |       |       |       |       |       |       ||   201
         Airstrike         |       |     4 |   167 |   372 |   397 |   383 |   187 |    26 |     2 ||  1538
         Swiftness         |       |     1 |     1 |     1 |     2 |       |       |     1 |       ||     6
         Searing Ray       |       |     1 |     1 |       |       |       |     1 |       |       ||     3
         Hailstorm         |       |       |     2 |    10 |    22 |     4 |       |       |       ||    38
         Iskenderun's Batt |       |       |       |       |    73 |    17 |     2 |       |       ||    92
         Conjure Ball Ligh |       |       |       |       |     1 |    41 |    28 |    13 |     3 ||    86
         Ozocubu's Refrige |       |       |       |       |       |   304 |   504 |   544 |   196 ||  1548
         Eringya's Noxious |       |       |       |       |       |       |     2 |       |       ||     2
         Monstrous Menager |       |       |       |       |       |       |     2 |     2 |       ||     4
         Maxwell's Capacit |       |       |       |       |       |       |       |    64 |   308 ||   372
         Chain Lightning   |       |       |       |       |       |       |       |       |   252 ||   252
         Fire Storm        |       |       |       |       |       |       |       |       |   132 ||   132
 Invoke: Curse Item        |       |       |       |     3 |     2 |     5 |       |     2 |     5 ||    17
         Shatter the Chain |       |       |       |       |       |     4 |       |     1 |     3 ||     8
Ability: Evoke Invisibilit |       |       |       |       |       |       |       |     1 |       ||     1
  Evoke: Wand              |       |       |       |       |     1 |       |     1 |       |     2 ||     4
         Condenser vane    |       |       |       |       |       |       |       |       |     1 ||     1
    Use: Potion            |       |       |     2 |       |     1 |       |     1 |       |     2 ||     6
         Scroll            |       |       |       |     1 |       |     1 |     3 |     1 |    16 ||    22
   Stab: Distracted        |       |       |       |       |       |       |       |       |     1 ||     1
 Armour: Robe              |     6 |    16 |    29 |    55 |     5 |       |       |       |       ||   111
         Troll leather arm |       |       |       |       |    46 |       |       |    52 |   256 ||   354
         Leather armour    |       |       |       |       |       |   127 |   118 |    31 |       ||   276
  Dodge: Dodged            |     4 |    15 |    14 |    53 |    61 |    62 |    51 |    69 |    96 ||   425
  Block: Buckler           |       |       |       |       |     6 |     2 |       |       |       ||     8
         Kite shield       |       |       |       |       |       |    74 |    61 |   115 |    59 ||   309
         Tower shield      |       |       |       |       |       |       |       |       |   148 ||   148
         Reflection        |       |       |       |       |       |       |       |       |     4 ||     4
